 Dungeon Crawl Stone Soup version 0.31-a0-435-g2c6fae2916 (webtiles) character file.

Game seed: 1534322627764609124

1842 LeprechaunX the Ruffian (level 9, 0/60 HPs)
             Began as an Octopode Shapeshifter on Aug 1, 2023.
             Slain by an orc warrior
             ... wielding a +0 trident
              (6 damage)
             ... on level 6 of the Dungeon.
             The game lasted 00:08:09 (6234 turns).

LeprechaunX the Ruffian (Octopode Shapeshifter)     Turns: 6234, Time: 00:08:09

Health: 0/60       AC:  1    Str: 16    XL:     9   Next: 12%
Magic:  0/14       EV: 15    Int: 10    God:
Gold:   702        SH:  0    Dex: 15    Spells: 12/15 levels left

rFire   . .          .
                       - Unarmed
rCold   . . .        (no shield)
rNeg    + . .        (helmet currently unavailable)
rPois   .            l - amulet of guardian spirit
rElec   .            i - ring of positive energy
rCorr   .            (no ring)
SInv    .            (no ring)
Will    .....        (no ring)
Stlth   ++           (no ring)
HPRegen 0.30/turn    (no ring)
MPRegen 0.14/turn    (no ring)
                     (no ring)

%: guardian spirit
@: beast-form
A: beast (slay +3), almost no armour, amphibious, 8 rings, camouflage 1,
gelatinous body 1, (nimble swimmer 1), tentacles
a: Begin Untransformation


You were on level 6 of the Dungeon.
You were a hulking beast.
You visited 1 branch of the dungeon, and saw 6 of its levels.

You collected 702 gold pieces.

Inventory:

Missiles
 d - 4 javelins
Jewellery
 i - a ring of positive energy (left tentacle)
 k - an amulet of the acrobat
 l - an amulet of guardian spirit (around mantle)
 q - an amulet of regeneration
Talismans
 b - a beast talisman (active)
Wands
 p - a wand of quicksilver (21)
 y - a wand of paralysis (7)
Scrolls
 c - a scroll of enchant weapon {unknown}
 f - 6 scrolls of identify {unknown}
 g - 2 scrolls of revelation {unknown}
 m - a scroll of blinking {unknown}
 o - a scroll of immolation {unknown}
 r - 2 scrolls of vulnerability {unknown}
 s - 2 scrolls of teleportation {unknown}
 t - a scroll of noise {unknown}
 x - a scroll of brand weapon {unknown}
Potions
 a - a potion of lignification
 e - a potion of curing
 h - a potion of attraction {unknown}
 j - a potion of berserk rage {unknown}
 n - a potion of cancellation {unknown}
 u - a potion of magic {unknown}
 v - 3 potions of heal wounds {unknown}
 w - 2 potions of degeneration {unknown}
 z - a potion of enlightenment {unknown}


   Skills:
 + Level 4.9 Fighting
 - Level 5.0 Dodging
 + Level 5.8 Unarmed Combat
 + Level 3.6 Spellcasting
 + Level 3.8 Ice Magic
 + Level 5.1 Shapeshifting


You had 12 spell levels left.
You knew the following spells:

 Your Spells              Type           Power      Damage    Failure   Level
a - Ozocubu's Armour      Ice            9%         N/A       17%         3

Your spell library contained the following spells:

 Spells                   Type           Power      Damage    Failure   Level
 Sublimation of Blood     Necr           1%         N/A       38%         2
 Vhi's Electric Charge    Tloc/Air       2%         N/A       63%         3
 Petrify                  Tmut/Erth      1%         N/A       95%         4
 Arcjolt                  Conj/Air       0%         1d10      100%        5
 Irradiate                Conj/Tmut      0%         3d11      100%        5
 Plasma Beam              Fire/Air       0%         2x1d10    100%        6
 Ozocubu's Refrigeration  Ice            4%         4d8       100%        7


Dungeon Overview and Level Annotations

Branches:
Dungeon (6/15)
 Temple: D:4-7

Altars:
Elyvilon
Fedhas

Shops:
D:1 =


Innate Abilities, Weirdness & Mutations

You are a hulking beast.
Your limbs bulge with bestial killing power. (Slay +3)
You cannot wear most types of armour.
You are amphibious.
You can wear up to eight rings at the same time.
Your skin changes colour to match your surroundings (Stealth+).
Your rubbery body absorbs attacks. (AC +1, EV +1)
((You are camouflaged when in or above water. (Stealth+)))
You have tentacles for arms and can constrict up to eight enemies at once.


Message History

The orc warrior throws a boomerang.
The boomerang closely misses you.
The orc priest calls down the wrath of Beogh upon you.
Beogh smites you!
You start resting.
An orc warrior is nearby!
The orc warrior throws a boomerang.
The boomerang hits you!
You closely miss the orc priest. You grab the orc priest.
You constrict the orc priest, but do no damage.
The orc warrior completely misses you. The orc priest closely misses you.
You bludgeon the orc priest!
The orc priest is almost dead.
You constrict the orc priest.
The orc warrior hits you with a +0 trident!
The orc priest misses you.
Unknown command.
You tentacle-slap the orc warrior but do no damage.
You grab the orc warrior. You squeeze the orc warrior.
The orc warrior is moderately wounded.
You constrict the orc warrior, but do no damage.
You constrict the orc priest, but do no damage.
You tentacle-slap the orc warrior.
The orc warrior is moderately wounded.
You constrict the orc warrior, but do no damage.
You constrict the orc priest.
The orc warrior hits you with a +0 trident!
* * * LOW HITPOINT WARNING * * *
The orc priest hits you with a +0 dagger.
* * * LOW HITPOINT WARNING * * *
You completely miss the orc warrior. You squeeze the orc warrior!
The orc warrior is severely wounded.
You constrict the orc warrior, but do no damage.
You constrict the orc priest.
You kill the orc priest!
The orc warrior hits you with a +0 trident!
* * * LOW HITPOINT WARNING * * *
You tentacle-slap the orc warrior.
The orc warrior is almost dead.
You constrict the orc warrior, but do no damage.
The orc warrior hits you with a +0 trident!
You die...

.........####..........###....###
#.......## ##.###.###.# #....#
##.....## #.# #.# #.# ####.#
##...## #.###.# #.# #.# ##'##
#.##..# #.# #.# #.# #.##.## #.#
#.# #.# #.##.# #.# #.### ##.##
#.##.####.# #.... ###...##
#..ho.....# ####. .......####
####)###### #.
###...#...#######.# #.
#.........o.....# #.
#..##...o######## ## #......#.#
##.#####.# #.#####o# #...o...#


You could see an orc warrior.

Vanquished Creatures
  Duvessa (D:5)
  An ice beast (D:5)
  2 black bears
  An ogre (D:4)
  3 phantoms
  2 bullfrogs (D:6)
  4 scorpions
  Dowan (D:5)
  A howler monkey (D:5)
  A jelly (D:5)
  A gnoll bouda (D:6)
  A hound (D:6)
  2 orc priests
  A sleepcap (D:5)
  5 orc wizards
  3 iguanas
  Ijyb (D:5)
  Robin (D:2)
  6 gnolls
  14 adders
  A shadow imp (D:5)
  3 white imps (D:6)
  3 ufetubi
  A dart slug (D:5)
  10 orcs
  5 endoplasms
  A giant cockroach (D:1)
  18 goblins
  7 hobgoblins
  6 jackals
  9 kobolds
  2 quokkas
  6 ball pythons
  5 bats
  4 frilled lizards (D:1)
  4 rats
137 creatures vanquished.

Vanquished Creatures (others)
  An orc wizard (D:6)
1 creature vanquished.

Grand Total: 138 creatures vanquished

Notes
Turn   | Place    | Note
-------+----------+-------------------------------------------
     0 | D:1      | LeprechaunX the Octopode Shapeshifter began the quest for
                  | the Orb.
     0 | D:1      | Reached XP level 1. HP: 13/13 MP: 1/1
   125 | D:1      | Reached XP level 2. HP: 11/18 MP: 2/2
   376 | D:1      | Found Royzueto's Jewellery Shoppe.
   753 | D:1      | Reached XP level 3. HP: 23/23 MP: 3/3
  1259 | D:2      | Found a faded altar of an unknown god.
  1350 | D:2      | Reached XP level 4. HP: 25/29 MP: 4/4
  1629 | D:2      | Identified the +1 helmet "Sisias" {Harm +Inv Will++ Stlth-}
  1629 | D:2      | Noticed Robin
  1676 | D:2      | Killed Robin
  1903 | D:2      | Reached XP level 5. HP: 34/34 MP: 5/5
  2336 | D:3      | Learned a level 3 spell: Ozocubu's Armour
  2587 | D:4      | Found a white marble altar of Elyvilon.
  2615 | D:4      | Noticed a black bear
  2859 | D:4      | Reached XP level 6. HP: 41/41 MP: 5/7
  3044 | D:4      | Killed a black bear
  3045 | D:4      | Reached skill level 1 in Spellcasting
  3045 | D:4      | Reached skill level 1 in Ice Magic
  3254 | D:4      | Reached XP level 7. HP: 36/46 MP: 4/9
  3507 | D:5      | Entered Level 5 of the Dungeon
  3664 | D:5      | Reached XP level 8. HP: 25/54 MP: 6/11
  3788 | D:5      | Reached skill level 5 in Unarmed Combat
  3925 | D:5      | Noticed Duvessa
  3926 | D:5      | Noticed Dowan
  3931 | D:5      | Killed Duvessa
  3937 | D:5      | Killed Dowan
  4494 | D:5      | Noticed Ijyb
  4498 | D:5      | Paralysed by Ijyb for 3 turns
  4503 | D:5      | Killed Ijyb
  4647 | D:6      | Found a blossoming altar of Fedhas.
  5036 | D:6      | Reached skill level 5 in Dodging
  5037 | D:6      | Reached skill level 5 in Shapeshifting
  5338 | D:6      | Reached XP level 9. HP: 57/59 MP: 12/14
  6234 | D:6      | Slain by an orc warrior

Illustrated notes

Levels and vault maps discovered:
D:1:      dpeg_arrival_ternary, layout_basic, serial_shops,
          nicolae_shop_peninsula
D:2:      layout_loops_cross, shapermc_ecumenical_altar_totnotflames,
          chequers_serial_rivers_small_3, nicolae_figureground_pulse, uniq_robin
D:3:      layout_basic, chequers_big_river, grunt_decor_fettered
D:4:      minmay_polygon_palace, layout_loops_corners,
          mainiacjoe_overflow_small_starburst, mainiacjoe_overflow_24_doors,
          minmay_misc_feat_rugged, nicolae_underground_beach, uniq_sigmund
D:5:      layout_loops_ring, uniq_ijyb, uniq_duvessa
D:6:      layout_loops_corners, mainiacjoe_overflow_alcove_2

Skill      XL: |  1  2  3  4  5  6  7  8 |
---------------+-------------------------+-----
Fighting       | 2 3 4 |  4.9
Dodging        | 3 4 5 |  5.0
Unarmed Combat | 4 5 |  5.8
Spellcasting   | 1 2 3 |  3.6
Ice Magic      | 1 2 3 |  3.8
Shapeshifting  | 4 5 |  5.1

Action                     |  1- 3 |  4- 6 |  7- 9 || total
---------------------------+-------+-------+-------++-------
  Melee: Unarmed           |    62 |    99 |   138 ||   299
         Constrict         |    13 |    26 |    36 ||    75
         Punch             |     1 |     1 |     2 ||     4
         Tentacles         |     8 |    23 |    35 ||    66
  Throw: Javelin           |       |     6 |     9 ||    15
   Cast: Ozocubu's Armour  |       |       |     2 ||     2
  Evoke: Wand              |       |       |     2 ||     2
    Use: Potion            |       |       |     1 ||     1
   Stab: Sleeping          |     4 |     3 |     3 ||    10
 Armour: Skin              |     7 |     4 |     5 ||    16
  Dodge: Dodged            |    34 |    69 |    88 ||   191

Table legend: (Time is in decaauts)
 A = Elapsed time spent in this place.
 B = Non-inter-level travel time spent in this place.
 C = Inter-level travel time spent in this place.
 D = Time resting spent in this place.
 E = Time spent auto-exploring this place.
 F = Levels seen in this place.
 G = Mean time per level.
                   A        B        C        D        E       F      G
               +--------+--------+--------+--------+--------+-----+--------+
         Total |   6216 |   6033 |    183 |    832 |   4242 |   6 | 1036.0 |
       Dungeon |   6216 |   6033 |    183 |    832 |   4242 |   6 | 1036.0 |
               +--------+--------+--------+--------+--------+-----+--------+

Top non-repeatable levels by time:
     D:6: 1426 daAuts
     D:5: 1292 daAuts
     D:1: 977 daAuts
     D:2: 973 daAuts
     D:4: 966 daAuts
     D:3: 580 daAuts
